 Dungeon Crawl Stone Soup version 0.29-a0-909-g30c7767f5c (webtiles) character file.

Game seed: 13866325436560760964

4 Malachi the Ruffian (level 1, 0/18 HPs)
             Began as a Naga Transmuter on July 25, 2022.
             Slain by a bat (1 damage)
             ... on level 1 of the Dungeon.
             The game lasted 00:00:27 (343 turns).

Malachi the Ruffian (Naga Transmuter)                Turns: 343, Time: 00:00:27

Health: 0/18       AC:  1    Str: 12    XL:     1   Next: 60%
Magic:  3/3        EV:  9    Int: 13    God:
Gold:   5          SH:  0    Dex: 11    Spells: 3/4 levels left

rFire   . . .      SeeInvis +     - Unarmed
rCold   . . .      Faith    .   (no shield)
rNeg    . . .      Spirit   .   a - +0 robe
rPois   +          Reflect  .   (no helmet)
rElec   .          Harm     .   (no cloak)
rCorr   .          Rampage  .   (no gloves)
Will    .....                   (no barding)
Stlth   +.........              (no amulet)
HPRegen 0.06/turn               (no ring)
MPRegen 0.08/turn               (no ring)

@: very slow
A: AC +0, large, see invisible, deformed body, poison resistance, slowness 2,
spit poison 1, naga tail 1
a: Spit Poison


You were on level 1 of the Dungeon.
You visited 1 branch of the dungeon, and saw 1 of its levels.

You collected 5 gold pieces.

Inventory:

Armour
 a - a +0 robe (worn)
Scrolls
 c - a scroll of immolation {unknown}
Potions
 b - a potion of lignification


   Skills:
 - Level 1.0 Fighting
 - Level 1.5 Dodging
 + Level 3.3 Unarmed Combat
 - Level 2.0 Spellcasting
 - Level 2.0 Transmutations


You had 3 spell levels left.
You knew the following spells:

 Your Spells              Type           Power      Damage    Failure   Level
a - Beastly Appendage     Tmut           12%        N/A       11%         1

Your spell library contained the following spells:

 Spells                   Type           Power      Damage    Failure   Level
 Wereblood                Tmut           6%         N/A       17%         2
 Spider Form              Tmut/Pois      3%         N/A       45%         3
 Ice Form                 Ice/Tmut       3%         N/A       86%         4


Dungeon Overview and Level Annotations

Branches:
Dungeon (1/15)

Altars:


Innate Abilities, Weirdness & Mutations

Your serpentine skin is tough. (AC +0)
You have supernaturally acute eyesight. (SInv)
Armour fits poorly on your strangely shaped body.
Your system is resistant to poisons. (rPois)
You cover ground very slowly.
You can spit poison.
You have a snake-like lower body.


Message History

You are too injured to fight recklessly!
You are too injured to fight recklessly!
You are too injured to fight recklessly!
You hit the kobold.
You kill the kobold!
The bat completely misses you. The frilled lizard barely misses you.
You barely miss the frilled lizard.
Your headbutt misses the frilled lizard.
Your transformation is almost over.
The bat hits you. The frilled lizard bites you.
* * * LOW HITPOINT WARNING * * *
You hit the frilled lizard.
You kill the frilled lizard!
The bat hits you.
* * * LOW HITPOINT WARNING * * *
The bat closely misses you.
Aiming: Spit Poison (3% risk of failure)
Press: ? - help, Shift-Dir - straight line, f - bat
Aim: a bat (35% to hit)
The splash of poison hits the bat.
The bat is moderately wounded.
The bat hits you but does no damage.
Unknown command.
The bat barely misses you.
You have got your breath back.
The bat hits you but does no damage.
You miss the bat.
The bat is moderately wounded.
The bat barely misses you. The bat hits you.
* * * LOW HITPOINT WARNING * * *
You barely miss the bat. Your headbutt misses the bat.
The bat is moderately wounded.
The bat closely misses you.
Your horns disappear.
The bat hits you but does no damage.
You closely miss the bat.
The bat is moderately wounded.
The bat hits you.
You die...

##..... ...... . .....
..# ..###.#.######..#
....!........#..#
.............#..#
......).........####
.>.....@b..........#
...................#
...................#
...........##......#
................÷..#
.##############.########
♣....................
♣..8..8...........8..
♣..................÷÷


You could see a bat.

Vanquished Creatures
  A quokka (D:1)
  A bat (D:1)
  A frilled lizard (D:1)
  A kobold (D:1)
  A rat (D:1)
5 creatures vanquished.

Notes
Turn   | Place    | Note
-------+----------+-------------------------------------------
     0 | D:1      | Malachi the Naga Transmuter began the quest for the Orb.
     0 | D:1      | Reached XP level 1. HP: 18/18 MP: 3/3
   343 | D:1      | Slain by a bat

Illustrated notes

Levels and vault maps discovered:
D:1:      giann_forest_graveyard, layout_basic,
          dreamdust_ecumenical_altar_drowned_temple, minmay_box_of_dots

Action                   || total
-------------------------++-------
Melee: Unarmed           ||    22
       Headbutt          ||     1
       Punch             ||     1
 Cast: Beastly Appendage ||     4
 Abil: Spit Poison       ||     1
Armor: Robe              ||    14
Dodge: Dodged            ||    30

Table legend: (Time is in decaauts)
 A = Elapsed time spent in this place.
 B = Non-inter-level travel time spent in this place.
 C = Inter-level travel time spent in this place.
 D = Time resting spent in this place.
 E = Time spent auto-exploring this place.
 F = Levels seen in this place.
 G = Mean time per level.
                   A        B        C        D        E       F      G
               +--------+--------+--------+--------+--------+-----+--------+
         Total |    362 |    362 |      0 |    257 |     58 |   1 |  362.0 |
       Dungeon |    362 |    362 |      0 |    257 |     58 |   1 |  362.0 |
               +--------+--------+--------+--------+--------+-----+--------+

Top non-repeatable levels by time:
     D:1: 362 daAuts
